Map: Acid Plant LE

Players

FeaR

  • Race: Protoss Protoss
  • League: Master
  • Spawn Location: 5:00

HellraiseR - Winner!

  • Race: Protoss Protoss
  • League: Master
  • Spawn Location: 11:00

Event: HomeStory Cup XVII

VOD

Have the link to the VOD?

Description

Time

  • Played on: June 29, 2018, 7:01 a.m.
  • Length: 8:10

All games in this series

Show
View Real Time Build Order
Export as new Build Order

FeaR Protoss 

Build Orders: Phoenix Opening 

Get SALT Encoding   

  12  0:00  Probe  
  13  0:12  Probe  
  14  0:17  Pylon  
  14  0:24  Probe  
  15  0:32  Probe  
  15  0:40  Gateway, Probe  
  17  0:50  Probe  
  17  0:54  Assimilator  
  18  0:57  Assimilator  
  18  0:58  Probe  
  19  1:07  Probe  
  20  1:14  Gateway  
  20  1:17  Probe  
  21  1:27  Cybernetics Core  
  21  1:29  Probe  
  22  1:33  Pylon  
  22  1:41  Probe  
  23  1:53  Probe  
  24  2:03  Adept  
  24  2:05  Adept, Warp Gate  
  28  2:10  Probe  
  29  2:16  Pylon  
  30  2:22  Probe  
  30  2:34  Adept x2  
  34  2:39  Stargate  
  34  2:40  Shield Battery  
  34  2:46  Pylon  
  34  3:01  Adept x2  
  38  3:16  Phoenix  
  40  3:30  Nexus  
  40  3:36  Probe  
  40  3:37  Phoenix  
  43  3:48  Probe  
  44  4:00  Probe  
  44  4:02  Phoenix  
  37  4:13  Probe, Robotics Facility  
  36  4:25  Probe  
  36  4:31  Shield Battery  
  37  4:37  Probe  
  37  4:38  Sentry, Stalker  
  42  4:44  Probe  
  43  4:49  Probe  
  44  4:56  Probe  
  45  5:01  Probe  
  45  5:02  Immortal  
  49  5:08  Probe  
  49  5:10  Adept x2  
  51  5:16  Probe  
  48  5:23  Probe  
  48  5:24  Probe  
  47  5:36  Probe  
  47  5:39  Warp Prism  
  50  5:43  Sentry x2  
  54  5:52  Gateway  
  54  5:56  Gateway  
  54  6:04  Pylon  
  54  6:08  Observer  
  54  6:09  Sentry x2  
  59  6:25  Probe  
  60  6:26  Probe  
  60  6:32  Pylon  
  61  6:35  Adept x2  
  67  6:41  Pylon  
  65  6:51  Adept  
  65  6:52  Adept  
  69  6:57  Adept  
  69  6:58  Adept  
  73  7:05  Probe x2  
  75  7:11  Adept x2  
  76  7:22  Probe  
  76  7:26  Stalker x3  
  76  7:28  Stalker  
  78  7:50  Sentry  
  81  7:51  Adept, Zealot  
  68  8:06  Adept  
Show
View Real Time Build Order
Export as new Build Order

HellraiseR Protoss - Winner!

Build Orders: Oracle Opening 

Get SALT Encoding   

  12  0:00  Probe  
  13  0:12  Probe  
  14  0:17  Pylon  
  14  0:22  Probe  
  15  0:31  Probe  
  16  0:37  Gateway  
  16  0:41  Probe  
  16  0:46  Assimilator  
  17  0:52  Probe  
  17  0:55  Assimilator  
  18  1:00  Probe  
  18  1:07  Gateway  
  18  1:08  Probe  
  20  1:20  Probe  
  20  1:24  Cybernetics Core  
  21  1:32  Probe  
  22  1:35  Pylon  
  22  1:44  Probe  
  23  1:56  Probe  
  23  2:00  Adept x2  
  23  2:01  Warp Gate  
  29  2:08  Probe  
  29  2:11  Pylon  
  29  2:21  Stargate  
  29  2:30  Stalker  
  29  2:34  Stalker  
  32  2:55  Oracle  
  32  3:00  Stalker  
  37  3:19  Stalker  
  37  3:25  Nexus  
  37  3:31  Shield Battery  
  37  3:41  Pylon  
  37  3:43  Probe  
  38  3:55  Probe  
  39  3:59  Shield Battery  
  39  4:07  Probe  
  40  4:16  Oracle, Twilight Council  
  43  4:20  Probe  
  44  4:31  Probe  
  44  4:32  Adept  
  44  4:37  Probe  
  47  4:39  Probe  
  49  4:45  Probe  
  49  4:47  Probe  
  51  4:54  Blink  
  51  4:55  Probe  
  51  4:58  Probe  
  50  5:07  Probe  
  50  5:10  Probe  
  52  5:15  Stalker  
  52  5:16  Stalker  
  52  5:17  Pylon  
  52  5:19  Probe  
  57  5:22  Probe  
  53  5:31  Probe, Forge  
  53  5:34  Probe  
  53  5:39  Stalker  
  53  5:40  Probe, Stalker, Pylon  
  57  5:46  Probe  
  57  5:48  Probe  
  59  5:52  Protoss Ground Weapons Level 1  
  60  5:57  Nexus  
  60  5:58  Probe x2  
  60  6:03  Stalker  
  64  6:04  Pylon  
  64  6:07  Stalker  
  64  6:10  Probe  
  67  6:13  Probe  
  68  6:19  Robotics Facility  
  68  6:23  Assimilator  
  68  6:27  Assimilator, Stalker  
  68  6:31  Stalker  
  72  6:42  Gateway  
  72  6:44  Gateway  
  72  6:49  Photon Cannon  
  72  6:52  Photon Cannon  
  72  6:59  Probe  
  72  7:00  Stalker x2  
  77  7:01  Immortal  
  80  7:24  Stalker x2  
  80  7:26  Gateway  
  80  7:28  Gateway  
  84  7:31  Shield Battery  
  82  7:40  Stalker x2  
  82  7:47  Stalker x2  
  82  8:04  Stalker x2  
Tags
 
Add a new tag
Caveats
  • Supply blocks, unpowered buildings, or Contaminate may cause inaccurate times.
  • Supply counts are checked every 10 seconds.